 Dungeon Crawl Stone Soup version 0.31-a0-358-gac0dbeb3ab (webtiles) character file.

Game seed: 921224106053056041

261 randomguy2701 the Chopper (level 6, -4/56 HPs)
             Began as a Hill Orc Monk on July 25, 2023.
             Splashed by a jelly's acid (10 damage)
             ... on level 4 of the Dungeon.
             The game lasted 00:04:08 (2997 turns).

randomguy2701 the Chopper (Hill Orc Monk)           Turns: 2997, Time: 00:04:09

Health: -4/56      AC:  0    Str: 16    XL:     6   Next: 18%
Magic:  6/6        EV:  5    Int: 10    God:
Gold:   214        SH:  5    Dex: 13    Spells: 5/5 levels left

rFire   . . .        a - +0 hand axe
rCold   . . .        d - orb {light}
rNeg    . . .        s - +0 plate armour
rPois   .            (no helmet)
rElec   .            (no cloak)
rCorr   .            m - +0 pair of gloves
SInv    .            r - +0 pair of boots
Will    .....        p - amulet of reflection Stlth
                     (no ring)
HPRegen 0.29/turn    (no ring)
MPRegen 0.10/turn

%: reflection
@: corroded, glowing
A: no striking features
a: no special abilities


You were on level 4 of the Dungeon.
You visited 1 branch of the dungeon, and saw 4 of its levels.

You collected 214 gold pieces.

Inventory:

Hand Weapons
 a - a +0 hand axe (weapon)
Armour
 b - a +0 robe
 d - an orb of light (worn)
 h - a +0 buckler
 m - a +0 pair of gloves (worn)
 n - a +0 scale mail
 r - a +0 pair of boots (worn)
 s - a +0 plate armour (worn)
Jewellery
 p - an amulet of reflection (around neck)
Wands
 k - a wand of charming (10)
Scrolls
 e - a scroll of fog {unknown}
 f - 3 scrolls of immolation {unknown}
 j - 2 scrolls of silence {unknown}
 l - 2 scrolls of teleportation {unknown}
 o - 2 scrolls of identify {unknown}
 t - a scroll of fear {unknown}
Potions
 c - 2 potions of ambrosia
 g - a potion of brilliance {unknown}
 i - a potion of might {unknown}
 q - a potion of attraction {unknown}


   Skills:
 + Level 5.1 Fighting
 + Level 6.7 Axes
 + Level 1.6 Armour
 + Level 3.1 Dodging
 + Level 0.3 Shields


You had 5 spell levels left.
You didn't know any spells.
Your spell library contained the following spells:

 Spells                   Type           Power      Damage    Failure   Level
 Poisonous Vapours        Pois/Air       0%         N/A       100%        2
 Inner Flame              Hex/Fire       0%         N/A       100%        3
 Mephitic Cloud           Conj/Pois/Air  0%         N/A       100%        3
 Freezing Cloud           Conj/Ice/Air   0%         6-21      100%        5
 Yara's Violent Unravell  Hex/Tmut       0%         3d3       100%        5
 Enfeeble                 Hex            0%         N/A       100%        7


Dungeon Overview and Level Annotations

Branches:
Dungeon (4/15)             Temple (0/1) D:4

Altars:
Kikubaaqudgha

Shops:
D:2 (

Annotations:
D:1 1 transporter
D:4 3 runed translucent doors, GrumpyGrim72's ghost, novice OpCj


Message History

The jelly is moderately wounded.
A jackal comes into view.
The jelly hits you but does no damage.
The jackal barks!
You hit the jelly. The acid corrodes you!
Your hands burn!
The jelly is severely wounded.
The jelly hits you but does no damage.
You hit the jelly but do no damage.
Your hands burn!
The jelly is severely wounded.
A goblin comes into view. It is wielding a +0 club.
The jelly closely misses you.
You completely miss the jelly.
The jelly is severely wounded.
The goblin shouts!
You hit the jelly.
Your hands burn!
The jelly is almost dead.
You hit the jackal but do no damage.
The jackal bites you but does no damage.
The jelly hits you.
You are splashed with acid!
A goblin comes into view. It is wielding a +0 club.
The jackal closely misses you.
The goblin shouts!
You hit the jelly but do no damage.
Your hands burn!
The jelly is almost dead.
The jelly hits you.
You are splashed with acid!
* * * LOW HITPOINT WARNING * * *
You hit the jelly but do no damage.
Your hands burn!
* * * LOW HITPOINT WARNING * * *
The jelly is almost dead.
A jackal comes into view.
The jelly hits you but does no damage.
The jackal barks!
You hit the jelly but do no damage.
Your hands burn!
* * * LOW HITPOINT WARNING * * *
The jelly is almost dead.
You hear a shout!
The jelly hits you.
* * * LOW HITPOINT WARNING * * *
The acid corrodes you!
You are splashed with acid!
You die...

... .. # #.# #.# #
... ..# # ### #.#
#h#### #
............
#.###.#.#!#...#
#......Jh.#...#
#J# #...# #.# #@#
#..[# #...
#.###...######...
#..............# #
#####.......<.# ..
######†.####..#...
#............##..#
#.####...†...#..#
##.####.#..#
#......# #.#..#


You could see a jelly, an endoplasm and 2 jackals.

Vanquished Creatures
  A howler monkey (D:4)
  A hound (D:4)
  An iguana (D:4)
  4 gnolls
  6 adders
  A worm (D:2)
  A dart slug (D:4)
  4 orcs
  5 endoplasms
  2 giant cockroaches
  6 goblins
  2 hobgoblins
  4 jackals (D:3)
  5 quokkas
  4 ball pythons
  7 bats
  2 frilled lizards (D:1)
  12 kobolds
  3 rats
71 creatures vanquished.

Notes
Turn   | Place    | Note
-------+----------+-------------------------------------------
     0 | D:1      | randomguy2701 the Hill Orc Monk began the quest for the
                  | Orb.
     0 | D:1      | Reached XP level 1. HP: 19/19 MP: 1/1
   220 | D:1      | Reached XP level 2. HP: 16/27 MP: 2/2
   525 | D:1      | Reached XP level 3. HP: 22/33 MP: 3/3
   957 | D:2      | Reached skill level 5 in Axes
   963 | D:2      | Reached XP level 4. HP: 37/41 MP: 4/4
  1298 | D:2      | Found Fusum's Antique Weapon Boutique.
  1480 | D:3      | Found a faded altar of an unknown god.
  2158 | D:3      | Reached XP level 5. HP: 47/47 MP: 5/5
  2219 | D:3      | Found an ancient bone altar of Kikubaaqudgha.
  2541 | D:4      | Reached skill level 6 in Axes
  2678 | D:4      | Reached skill level 1 in Armour
  2714 | D:4      | Reached skill level 5 in Fighting
  2778 | D:4      | Found a staircase to the Ecumenical Temple.
  2812 | D:4      | Found a runed translucent gate.
  2812 | D:4      | Found a runed translucent gate.
  2812 | D:4      | Found a runed translucent gate.
  2819 | D:4      | Reached XP level 6. HP: 56/56 MP: 6/6
  2834 | D:4      | Noticed GrumpyGrim72's ghost (novice OpCj)
  2942 | D:4      | Noticed an ice beast
  2997 | D:4      | Splashed by a jelly's acid

Illustrated notes

Levels and vault maps discovered:
D:1:      spicycebolla_arrival_risky_transporter, layout_loops_cross
D:2:      layout_rooms, serial_shops, nicolae_shop_real_fake_doors
D:3:      layout_rooms, mainiacjoe_overflow_six_doors_small,
          ebering_ecumenical_altar_webs, supply_closet_lemuel,
          serial_bayou_pond_d
D:4:      layout_loops_ring, minmay_temple_entry_hall, gammafunk_ghost_icy

Skill      XL: |  1  2  3  4  5 |
---------------+----------------+-----
Fighting       | 4 5 |  5.1
Axes           | 5 6 |  6.7
Dodging        | 3 |  3.1
Armour         | 1 |  1.6
Shields        | |  0.3

Action                     |  1- 3 |  4- 6 || total
---------------------------+-------+-------++-------
  Melee: Hand axe          |    66 |   152 ||   218
 Armour: Robe              |     9 |     3 ||    12
         Scale mail        |       |    40 ||    40
         Plate armour      |       |    32 ||    32
  Dodge: Dodged            |    45 |    83 ||   128
  Block: Orb               |       |    15 ||    15

Table legend: (Time is in decaauts)
 A = Elapsed time spent in this place.
 B = Non-inter-level travel time spent in this place.
 C = Inter-level travel time spent in this place.
 D = Time resting spent in this place.
 E = Time spent auto-exploring this place.
 F = Levels seen in this place.
 G = Mean time per level.
                   A        B        C        D        E       F      G
               +--------+--------+--------+--------+--------+-----+--------+
         Total |   3013 |   2837 |    176 |    396 |   1931 |   4 |  753.2 |
       Dungeon |   3013 |   2837 |    176 |    396 |   1931 |   4 |  753.2 |
               +--------+--------+--------+--------+--------+-----+--------+

Top non-repeatable levels by time:
     D:2: 1163 daAuts
     D:1: 731 daAuts
     D:3: 647 daAuts
     D:4: 471 daAuts
